[Event "Early-Titled-Tuesday-Blitz-January-30-2024"]
[Site "Chess.com"]
[Date "2024.01.30"]
[Round "8"]
[White "BelyakovBogdan"]
[Black "AlexPapasimakopoulos"]
[Result "0-1"]
[WhiteElo "2555"]
[BlackElo "2769"]
[TimeControl "180+1"]
[EndTime "9:30:45 PST"]
[Termination "AlexPapasimakopoulos won on time"]

1. e4 e6 2. d4 d5 3. Nc3 Bb4 4.
e5 c5 5. Bd2 Ne7 6. a3 Bxc3 7.
Bxc3 Nbc6 8. f4 cxd4 9. Bxd4 Nxd4 10. Qxd4 Nf5 11. Qc3 d4 12. Qd2 Qh4+ 13. g3 Nxg3 14. hxg3 Qxh1 15. Ne2 Qe4 16. O-O-O Qe3 17. Nxd4 Qxd2+ 18.
Kxd2 Bd7 19. Ke3 a6 20. c4 h5 21. Bg2 Rb8 22. c5 h4 23. Rh1 Ke7 24. gxh4 g6 25. b4 Kd8 26. Be4 Kc7 27. Nf3 Bc6 28. Ng5 Bxe4 29. Nxe4 Kd7 30. a4 b6 31. Rd1+ Kc7 32. Rc1 Rxh4 33. Nd6 bxc5 34. Rxc5+ Kd7 35. b5 axb5 36. axb5 Ra8 37. b6 Ra3+ 38. Ke4 Ra4+ 39.
Ke3 Rh3+ 40. Kf2 Ra2+ 41. Kg1 Rb3 42. Rc7+ Kd8 43. Rc8+ Ke7 44. Rc1 Rab2 45. Rc7+ Kf8 46. b7 Kg8 47. Ne8 Rb1+ 48. Kf2 R1b2+ 49. Ke1 Rxb7 50. Nf6+ Kg7 0-1

[Event "Early-Titled-Tuesday-Blitz-January-30-2024"]
[Site "Chess.com"]
[Date "2024.01.30"]
[Round "8"]
[White "WiktoriaPOL"]
[Black "Irishchessman16"]
[Result "1-0"]
[WhiteElo "2265"]
[BlackElo "2480"]
[TimeControl "180+1"]
[EndTime "9:30:46 PST"]
[Termination "WiktoriaPOL won by checkmate"]

1. c4 b6 2. Nc3 Bb7 3. e4 e5 4.
Nf3 Nc6 5. d4 exd4 6. Nxd4 Nge7 7. Be3 Nxd4 8. Qxd4 Nc6 9. Qd2 Be7 10. Be2 O-O 11. O-O Bc5 12. Bxc5 bxc5 13. Bd3 d6 14.
b3 Qh4 15. f3 Rae8 16. Nd5 Re6 17. g3 Qd8 18. f4 f6 19. Rae1 Nd4 20. Nc3 f5 21. Nd5 Rfe8 22. Qg2 Ba8 23. Kf2 c6 24. Nc3 Qa5 25. Rc1 fxe4 26. Bxe4 Rxe4 27. Nxe4 Qxa2+ 28.
Kg1 Qxg2+ 29. Kxg2 Rxe4 30. Rfe1 Rxe1 31. Rxe1 Kf8 32.
Ra1 Nxb3 33. Rxa7 Nd2 34. Rxa8+ Ke7 35. Ra7+ Kf6 36. Rc7 Nxc4 37. Rxc6 Ke6 38. Rc7 Ne3+ 39. Kf3 Nf5 40. g4 Nd4+ 41. Ke3 Nc2+ 42. Kd2 Nd4 43. Rxg7 Nf3+ 44. Ke3 Nxh2 45. Kf2 c4 46. Kg2 d5 47.
Kxh2 d4 48. Rc7 c3 49. Rxh7 c2 50. Rc7 d3 51. f5+ Kf6 52. Rc6+ Kg5 53. Kg3 d2 54.
Rg6# 1-0

[Event "Early-Titled-Tuesday-Blitz-January-30-2024"]
[Site "Chess.com"]
[Date "2024.01.30"]
[Round "8"]
[White "manitodeplomo"]
[Black "deribas12345"]
[Result "1-0"]
[WhiteElo "2678"]
[BlackElo "2505"]
[TimeControl "180+1"]
[EndTime "9:30:47 PST"]
[Termination "manitodeplomo won by resignation"]

1. d4 Nf6 2. c4 c5 3. d5 b5 4. Nf3 Bb7 5. Nbd2 e6 6. e4 bxc4 7. dxe6 dxe6 8. e5 Nd5 9. Nxc4 Be7 10. a3 O-O 11. Bd3 Nc6 12. h4 f5 13. exf6 Bxf6 14. Bxh7+ Kxh7 15. Ng5+ Kg8 16. Qh5 Bxg5 17. hxg5 Rf5 18.
Qh7+ Kf8 19. Qg6 Nde7 20. Rh8+ Ng8 21. Qxe6 Ne7 22. Ne5 Rxe5+ 23. Qxe5 Qd4 24. Qxd4 cxd4 25. Bd2 Kf7 26. f3 Re8 27. Kf2 Nd5 28. Rc1 Nge7 29. Rxe8 Kxe8 30. Rc4 d3 31. Rd4 Ba6 32. Bb4 Kf7 33.
Bxe7 Nxe7 34. Ra4 Bb5 35. Rb4 a6 36. a4 Nc6 37. Rf4+ Ke6 38. axb5 axb5 39. Ke3 Ne5 40. Re4 Kd5 41. Rxe5+ Kxe5 42. Kxd3 Kf4 43. Ke2 Kxg5 44. Ke3 Kh4 45. Kf2 g6 46. b4 Kg5 47. g3 Kf5 48. Ke3 Ke5 49. f4+ Kd5 50. g4 Kc4 51. f5 gxf5 52. g5 Kxb4 53. g6 Ka3 54. g7 b4 55. g8=Q b3 56. Kd2 b2 57. Kc2 1-0

[Event "Early-Titled-Tuesday-Blitz-January-30-2024"]
[Site "Chess.com"]
[Date "2024.01.30"]
[Round "8"]
[White "GMRAVEN_ON_YOUTUBE"]
[Black "Hikaru"]
[Result "0-1"]
[WhiteElo "2789"]
[BlackElo "3276"]
[TimeControl "180+1"]
[EndTime "9:30:49 PST"]
[Termination "Hikaru won by resignation"]

1. f4 d5 2. Nf3 g6 3. e3 Bg7 4.
c4 e6 5. d4 dxc4 6. Bxc4 c5 7.
O-O cxd4 8. exd4 Ne7 9. Nc3 O-O 10. Be3 Nbc6 11. Qd2 b6 12. Rad1 Bb7 13. Ne5 Rc8 14. Be2 Nb4 15. Bf3 Bxf3 16. Rxf3 Nbd5 17. Bf2 Qc7 18.
Bh4 Nf5 19. Nxd5 exd5 20. Bf2 Qc2 21. Rc3 Qxd2 22. Rxd2 Rxc3 23. bxc3 Rc8 24. Rc2 Nd6 25. Kf1 Nb5 26. Ke2 Rxc3 27. Rxc3 Nxc3+ 28. Kd3 Bxe5 29. dxe5 Nb5 30. a4 Nc7 31. Kd4 Kf8 32. g4 Ke7 33. f5 gxf5 34. gxf5 Kd7 35. Bh4 a6 36. Be1 Kc6 37. Bh4 Ne8 38. Ke3 b5 39. axb5+ axb5 40. Be1 Kc5 41. Kf4 b4 42. e6 f6 43. Ke3 Kc4 44.
Kd2 Kd4 45. Ke2 b3 46. Kd2 Ke4 47. Kc3 Kxf5 48. Kxb3 Kxe6 49. Kc3 Nd6 50. Kd4 Nf5+ 51. Kd3 Ne7 52. Bc3 Nc6 53. Bb2 Kf5 54. Ke3 d4+ 55.
Kf3 Ne5+ 56. Ke2 Ke4 57. Ba1 f5 58. Kf2 f4 59. Ke2 d3+ 60. Kf2 Nc4 61. Bc3 d2 62. Ke2 f3+ 63. Kd1 f2 64. Ke2 f1=Q+ 0-1

[Event "Early-Titled-Tuesday-Blitz-January-30-2024"]
[Site "Chess.com"]
[Date "2024.01.30"]
[Round "8"]
[White "ljuks68"]
[Black "ChessSwole"]
[Result "1-0"]
[WhiteElo "2441"]
[BlackElo "2598"]
[TimeControl "180+1"]
[EndTime "9:30:49 PST"]
[Termination "ljuks68 won on time"]

1. e4 c5 2. Nf3 Nc6 3. d4 cxd4 4.
Nxd4 Nf6 5. Nc3 h5 6. h3 d6 7.
Bg5 Qb6 8. Ndb5 a6 9. Bxf6 axb5 10. Nd5 Qa5+ 11. Bc3 b4 12. Bd4 e6 13. Bb6 exd5 14.
Bxa5 Rxa5 15. exd5 Ne5 16. f4 Ng6 17. Qd2 Be7 18.
Qxb4 Rxd5 19. Bb5+ Kf8 20. O-O h4 21. Bd3 Rhh5 22.
Rad1 Kg8 23. a4 Rc5 24. Be2 Rhd5 25. Rxd5 Rxd5 26. Bf3 Rf5 27. Bxb7 Be6 28. Be4 d5 29. Bxf5 Bxb4 30. Bxe6 fxe6 31. c3 Bc5+ 32. Kh2 Bd6 33. g3 hxg3+ 34. Kxg3 Kf7 35. a5 Ke7 36. a6 Kd7 37. Kg4 Bc5 38. Kg5 Ne7 39. h4 Nf5 40. Kg6 Nxh4+ 41. Kf7 Nf5 42. Re1 Ne3 43. b4 Bb6 44.
Kxg7 Nc2 45. Re2 Na3 46. Kf7 Nb5 47. Rxe6 Kc7 48. Re7+ Kb8 49. Rb7+ Ka8 50. Rxb6 Nxc3 51. f5 Ka7 52. Rd6 Ne4 53. Rxd5 Kxa6 54. f6 Kb6 55. Ke7 Kc6 56. Rd1 Nc3 57. Rc1 1-0

[Event "Early-Titled-Tuesday-Blitz-January-30-2024"]
[Site "Chess.com"]
[Date "2024.01.30"]
[Round "8"]
[White "claudyna16"]
[Black "ri4mi"]
[Result "1-0"]
[WhiteElo "2402"]
[BlackElo "2531"]
[TimeControl "180+1"]
[EndTime "9:30:49 PST"]
[Termination "claudyna16 won by resignation"]

1. c4 e6 2. g3 d5 3. Bg2 c6 4.
Nf3 dxc4 5. O-O b5 6. a4 Bb7 7.
Ne5 a6 8. axb5 axb5 9. Rxa8 Bxa8 10. b3 cxb3 11. Qxb3 Nf6 12. Nc3 Nfd7 13. Nd3 Qb6 14.
Bb2 Be7 15. Nxb5 cxb5 16. Bxa8 O-O 17. Bg2 Bf6 18. Ba3 Rc8 19. Rb1 h6 20. Qxb5 Qxb5 21. Rxb5 Rc2 22. Bd6 Nc6 23. Rb7 Nde5 24. Ne1 Rc1 25.
Kf1 Nc4 26. e3 Nxd6 27. Rb6 Ne5 28. Rxd6 Nd3 29. Rxd3 g5 30. Ke2 Kg7 31. Rd7 h5 32. Nd3 Rg1 33. Bc6 h4 34. f4 h3 35. fxg5 Bxg5 36.
Ne5 Rc1 37. Rxf7+ Kh6 38. Bf3 Rc5 39. d4 Rc3 40. Ng4+ Kg6 41. Rb7 Rc2+ 42. Kd3 Ra2 43. Be4+ Kh5 44. Ne5 Bh6 45. Rh7 Kg5 46. Nf7+ Kf6 47.
Nxh6 Kg5 48. Nf7+ Kf6 49. Ne5 Rxh2 50. Rf7+ Kg5 51. Nf3+ Kg4 52. Nxh2+ Kxg3 53. Nf1+ Kh4 54. Rh7+ 1-0

[Event "Early-Titled-Tuesday-Blitz-January-30-2024"]
[Site "Chess.com"]
[Date "2024.01.30"]
[Round "8"]
[White "NelsonLinda"]
[Black "Massakru"]
[Result "1-0"]
[WhiteElo "2573"]
[BlackElo "2400"]
[TimeControl "180+1"]
[EndTime "9:30:50 PST"]
[Termination "NelsonLinda won by resignation"]

1. Nf3 d5 2. d4 Nf6 3. c4 e6 4.
Nc3 c5 5. cxd5 Nxd5 6. e4 Nxc3 7.
bxc3 cxd4 8. cxd4 Nc6 9. Bd3 Bb4+ 10.
Bd2 O-O 11. Bxb4 Nxb4 12. Bb1 Qc7 13. Qd2 a5 14. O-O Rd8 15. Rc1 Nc6 16. Qg5 h6 17.
Qb5 Nxd4 18. Rxc7 Nxb5 19. Rc1 b6 20. Ne5 Bb7 21. f3 Rac8 22. Bd3 Nd4 23. Rxc8 Bxc8 24. Bf1 f6 25. Nc4 Ba6 26. Nxb6 Bxf1 27. Kxf1 Nc2 28. Rc1 Rd2 29. Nc4 Ne3+ 30. Nxe3 Rxa2 31. Rc8+ Kf7 32.
Rc7+ Kg6 33. Re7 a4 34. Rxe6 a3 35. Ra6 Kg5 36. Ra5+ Kg6 37. h4 h5 38. Kg1 Kf7 39. Kh2 g6 40. Nd5 Ke6 41. Ra6+ Ke5 42. Rxf6 Rd2 43.
Rxg6 a2 44. Ra6 Kd4 45. Nb4 Ke3 46. Rxa2 Rd1 47. Nd5+ Kd4 48. Kg3 Rg1 49. Kf2 Rb1 50. Nf4 Rb5 51. Rd2+ Kc3 52. Re2 Kd4 53. e5 Rxe5 54.
Rxe5 Kxe5 55. Nxh5 Kf5 56. Ng3+ 1-0

[Event "Early-Titled-Tuesday-Blitz-January-30-2024"]
[Site "Chess.com"]
[Date "2024.01.30"]
[Round "8"]
[White "DonMicheleCorleone"]
[Black "giovannibrandao7"]
[Result "0-1"]
[WhiteElo "2382"]
[BlackElo "2121"]
[TimeControl "180+1"]
[EndTime "9:30:50 PST"]
[Termination "giovannibrandao7 won by checkmate"]

1. e4 c5 2. Nc3 Nc6 3. Nf3 Nf6 4. d4 cxd4 5. Nxd4 e6 6. Ndb5 d6 7. Bf4 e5 8. Bg5 a6 9. Na3 b5 10. Nd5 Be7 11. Bxf6 Bxf6 12. c3 Bg5 13. Nc2 O-O 14.
Nce3 Be6 15. a4 Rb8 16. axb5 axb5 17. Be2 b4 18. O-O bxc3 19. bxc3 Bxe3 20. Nxe3 Qb6 21.
Qxd6 Rfd8 22. Qa3 Qb2 23. h3 Qxe2 24. Rae1 Qb5 25. Rc1 Rd3 26. Rfe1 Qa5 27. Qxa5 Nxa5 28. c4 Rc8 29. Nd5 Rxc4 30. Ra1 Bxd5 31. Rxa5 Bc6 32.
Rxe5 g6 33. Re7 Rd2 34. Re3 Rd7 35. Re5 Kg7 36. Kh2 f6 37. Re8 Rd2 38. Re7+ Kh6 39. Kg3 Rcc2 40. Rf3 f5 41. Rf4 Bxe4 42. Rh4+ Kg5 43.
f4+ Kf6 44. Rhxh7 Rxg2+ 45. Kh4 Bd5 46. Rd7 Be6 47. Rd8 g5+ 48. fxg5+ Ke5 49. Re7 Rc4+ 50. Kh5 Rg3 51. Rde8 Rxh3+ 52. Kg6 Rc6 53. Kg7 Rg3 54.
g6 f4 55. Kh7 Kf5 56. g7 Rh3# 0-1

[Event "Early-Titled-Tuesday-Blitz-January-30-2024"]
[Site "Chess.com"]
[Date "2024.01.30"]
[Round "8"]
[White "korkmaz16"]
[Black "ansko1999"]
[Result "1/2-1/2"]
[WhiteElo "2459"]
[BlackElo "2672"]
[TimeControl "180+1"]
[EndTime "9:30:51 PST"]
[Termination "Game drawn - insufficient material"]

1. e4 e5 2. Nf3 Nc6 3. Bc4 Bc5 4. c3 Nf6 5. d4 exd4 6. cxd4 Bb4+ 7. Nc3 Nxe4 8. O-O Bxc3 9. d5 Ne7 10. bxc3 d6 11. Re1 Nf6 12. Bg5 Kf8 13. Bxf6 gxf6 14. Qd2 h5 15. Rab1 Ng6 16. Bb5 Kg7 17. Nd4 f5 18.
Bd3 Qf6 19. f4 h4 20. Qf2 c6 21. dxc6 bxc6 22. Nxc6 Be6 23. Nd4 Rhe8 24. Rb7 Re7 25. Rxe7 Nxe7 26. g4 fxg4 27. f5 Bd5 28. Qf4 Nc6 29.
Qxg4+ Kh6 30. Qf4+ Qg5+ 31. Qxg5+ Kxg5 32. Nxc6 Bxc6 33. Kf2 Rb8 34. Re2 a5 35. Rd2 Kf4 36.
Bc4 Be4 37. Bxf7 Bxf5 38. Rd4+ Be4 39. Bd5 Re8 40. Bxe4 Rxe4 41. Rxd6 Ra4 42. Rd2 Ra3 43. Rc2 Ke4 44. Re2+ Kd3 45. Re3+ Kc4 46. Re4+ Kxc3 47. Rxh4 Rxa2+ 48. Kg3 a4 49. Rh8 Rc2 50. Ra8 Kb3 51. h4 a3 52. h5 a2 53. h6 Kb2 54. h7 Rc3+ 55. Kg4 Rc4+ 56. Kg5 Rc5+ 57. Kg4 Rc4+ 58. Kg3 Rc3+ 59. Kg2 Rc2+ 60. Kg1 Rc1+ 61. Kg2 Rc2+ 62. Kf3 Rc3+ 63. Ke4 Rh3 64. Rb8+ Kc2 65. Ra8 Kb1 66. Rb8+ Kc1 67. Ra8 Kb2 68. Rb8+ Ka1 69.
h8=Q+ Rxh8 70. Rxh8 Kb1 71. Rh1+ Kb2 72. Rh2+ Kb1 73.
Rh1+ Kb2 74. Rh2+ Kb1 75. Kd3 a1=Q 76. Rh1+ Kb2 77. Rxa1 Kxa1 1/2-1/2

[Event "Early-Titled-Tuesday-Blitz-January-30-2024"]
[Site "Chess.com"]
[Date "2024.01.30"]
[Round "8"]
[White "viktorskliarov"]
[Black "Yurasova_Daria"]
[Result "1-0"]
[WhiteElo "2650"]
[BlackElo "2440"]
[TimeControl "180+1"]
[EndTime "9:30:53 PST"]
[Termination "viktorskliarov won on time"]

1. e4 e5 2. Nc3 Nc6 3. Bc4 Nf6 4. d3 Bc5 5. a3 a6 6. h3 d6 7.
Nge2 O-O 8. Ng3 Be6 9. Nd5 Bxd5 10.
exd5 Ne7 11. Qf3 b5 12. Ba2 Ng6 13. Bg5 h6 14. Bxf6 Qxf6 15. Qxf6 gxf6 16. Ne4 f5 17.
Nxc5 dxc5 18. g3 Rad8 19. c4 Rfe8 20. O-O-O e4 21. d4 cxd4 22. Rxd4 Ne5 23. cxb5 Nd3+ 24. Rxd3 exd3 25. bxa6 Re2 26. Rd1 Ra8 27. Rxd3 Rxa6 28. Rf3 Rb6 29. Bb3 Kg7 30. Bc2 Rb5 31. Kd1 Re5 32. Bb3 Kf6 33. Kd2 Re8 34. Kc3 Reb8 35. Kc2 Rc5+ 36. Kb1 Ke5 37. Bc2 Rxd5 38. Rxf5+ Ke6 39.
Rf4 Re5 40. b4 Re1+ 41. Kb2 Rb6 42. Bb3+ Ke7 43. Rxf7+ Kd8 44. Rf8+ Kd7 45. Rf4 Rd6 46.
Kc3 Re2 47. a4 Rc6+ 48. Bc4 Re1 49. a5 Rc1+ 50. Kd3 Rd1+ 51. Kc2 1-0

[Event "Early-Titled-Tuesday-Blitz-January-30-2024"]
[Site "Chess.com"]
[Date "2024.01.30"]
[Round "8"]
[White "topalovkramnik"]
[Black "Doublekk14"]
[Result "1/2-1/2"]
[WhiteElo "2437"]
[BlackElo "2269"]
[TimeControl "180+1"]
[EndTime "9:30:53 PST"]
[Termination "Game drawn - insufficient material"]

1. e4 c5 2. Nf3 e6 3. d4 cxd4 4. Nxd4 Nf6 5. Nc3 Nc6 6. Nxc6 bxc6 7. e5 Nd5 8. Ne4 f5 9. exf6 Nxf6 10. Nd6+ Bxd6 11.
Qxd6 Qe7 12. Bf4 Qxd6 13. Bxd6 Ne4 14. Be5 O-O 15. Bd4 d5 16. Bd3 Nf6 17. O-O-O a5 18. Rhe1 Re8 19. f4 Ba6 20. Kb1 a4 21. h3 Bxd3 22.
cxd3 a3 23. Rc1 axb2 24. Rxc6 Kf7 25. Re2 Ra4 26. Be5 Nd7 27. Rc7 Rd8 28. g3 Kg6 29.
Bxb2 Ra6 30. g4 Nf6 31. Rxe6 Rxe6 32. f5+ Kh6 33. fxe6 Re8 34. e7 Ng8 35. Ba3 Kg6 36. h4 Kf7 37. Kc2 Ke6 38. Bb4 Nf6 39. g5 Nd7 40. Rc6+ Ke5 41. Kc3 Kf4 42. Kd4 Kg4 43. Rd6 Nb8 44. Rd8 Nc6+ 45. Kxd5 Nxd8 46. Kd6 Rxe7 47. Kxe7 Nc6+ 48. Kf7 Nxb4 49. Kxg7 Kxh4 50. a3 Nxd3 51. Kxh7 Kxg5 52. Kg7 Kf5 53. Kf7 Ke5 54. Ke7 Kd5 55. Kd7 Kc5 56. a4 Kb4 57. a5 Kxa5 1/2-1/2

[Event "Early-Titled-Tuesday-Blitz-January-30-2024"]
[Site "Chess.com"]
[Date "2024.01.30"]
[Round "8"]
[White "NowInChess"]
[Black "gm_rashid"]
[Result "1-0"]
[WhiteElo "2285"]
[BlackElo "2499"]
[TimeControl "180+1"]
[EndTime "9:30:54 PST"]
[Termination "NowInChess won on time"]

1. e4 e6 2. d3 d5 3. Nd2 Nf6 4. Ngf3 Be7 5. g3 h6 6. Bg2 O-O 7. e5 Nh7 8. O-O c5 9. h4 Nc6 10. Re1 b5 11. c4 bxc4 12. dxc4 Rb8 13. b3 Nb4 14. Ba3 Qa5 15. Bxb4 Qxb4 16. Qc2 Rd8 17. Rad1 Ba6 18. Rc1 Bb7 19. Qc3 Qxc3 20. Rxc3 a5 21. a4 Ba6 22. Rcc1 Nf8 23. Nh2 Rb4 24.
cxd5 exd5 25. Ng4 Ne6 26. Ne3 Bb7 27. Nc2 Rb6 28. Ne3 Nd4 29. Rb1 Ba8 30. Kh1 h5 31. f4 g6 32. f5 Nxf5 33. Nxf5 gxf5 34. Rf1 Rg6 35. Kh2 Bf8 36. Rxf5 Bg7 37. Rbf1 d4 38. Rxf7 Bxe5 39. Bxa8 Rxa8 40. R7f5 Bxg3+ 41. Kh3 Re8 42. Rg5 Rxg5 43. hxg5 Re3 44. Kg2 Rd3 45. Nc4 Rxb3 46. Rf6 Kg7 47. Rc6 1-0

[Event "Early-Titled-Tuesday-Blitz-January-30-2024"]
[Site "Chess.com"]
[Date "2024.01.30"]
[Round "8"]
[White "jjlai1111"]
[Black "dennisodessa"]
[Result "0-1"]
[WhiteElo "2341"]
[BlackElo "2618"]
[TimeControl "180+1"]
[EndTime "9:30:55 PST"]
[Termination "dennisodessa won on time"]

1. d4 Nf6 2. c4 e6 3. Nc3 Bb4 4. Qc2 Nc6 5. Nf3 d6 6. Bg5 h6 7. Bh4 g5 8. Bg3 g4 9. Nd2 Nxd4 10. Qa4+ Bd7 11. Qd1 e5 12. e3 Nf5 13. Be2 h5 14. h3 Nxg3 15. fxg3 Rg8 16. h4 Bc6 17. O-O Nd7 18. Qc2 Qe7 19. Qh7 Rf8 20. Qxh5 Bc5 21.
Nd1 O-O-O 22. a3 Bb6 23. b4 Ba4 24. c5 dxc5 25. Nc4 cxb4 26. axb4 Qxb4 27. Qxg4 Kb8 28.
Nxe5 Qxg4 29. Nxg4 Bxd1 30. Raxd1 f5 31. Nh6 Bxe3+ 32. Kh2 Bxh6 33. Bd3 f4 34. g4 Ne5 35.
Bf5 Rxd1 36. Rxd1 f3 37. gxf3 Nxf3+ 38. Kg3 Ne5 39. g5 Bg7 40. Be4 Nf7 41. Rf1 Nd6 42.
Rxf8+ Bxf8 43. Bd3 Kc8 44. h5 Kd7 45. Kg4 Ke7 46. h6 Nf7 47. Kh5 Ne5 48. Be4 b5 49. g6 Nxg6 0-1

[Event "Early-Titled-Tuesday-Blitz-January-30-2024"]
[Site "Chess.com"]
[Date "2024.01.30"]
[Round "8"]
[White "brm72"]
[Black "Grandelicious"]
[Result "0-1"]
[WhiteElo "2689"]
[BlackElo "2902"]
[TimeControl "180+1"]
[EndTime "9:30:56 PST"]
[Termination "Grandelicious won by resignation"]

1. e4 c5 2. Nf3 e6 3. d4 cxd4 4. Nxd4 Nc6 5. Nc3 Qc7 6. Be3 a6 7. Qd2 Nf6 8. f3 Be7 9. O-O-O b5 10. g4 Bb7 11. Kb1 Nxd4 12. Bxd4 O-O 13. h4 Rfd8 14. h5 b4 15. Na4 Qc6 16. Nb6 e5 17. Bf2 Rab8 18. g5 Ne8 19. g6 Nf6 20. Bc4 d5 21. exd5 Qd6 22. gxf7+ Kf8 23. Rhg1 Nxh5 24. Rh1 Nf6 25.
Qg5 Kxf7 26. Rhg1 Bf8 27. Qf5 Re8 28. f4 Bc8 29. Nxc8 Rbxc8 30. Bb3 g6 31. Qg5 Bg7 32. fxe5 Rxe5 33. Qf4 Rd8 34. Qf3 Rf5 35. Qg2 Kg8 36.
Bg3 Qf8 37. d6+ Kh8 38. Rge1 Nh5 39. Bh2 Qf6 40. c3 bxc3 41. Qc2 Rf2 42. Re2 Rxe2 43. Qxe2 Nf4 44. Bxf4 Qxf4 45. d7 Qf5+ 46. Bc2 Qf7 47. Bb3 Qf8 48. Qe6 cxb2 49. Qf7 Qxf7 50. Bxf7 Bf6 51.
Be8 Kg7 52. Rd6 a5 53. Ra6 h5 54. Rxa5 h4 55. Ra4 g5 56. Rg4 Be7 57. a4 Kf6 58. a5 Kf5 59. Rg1 h3 60. a6 g4 61. a7 h2 62. Rh1 g3 63. Bh5 Bc5 64. Bf3 Bxa7 0-1

[Event "Early-Titled-Tuesday-Blitz-January-30-2024"]
[Site "Chess.com"]
[Date "2024.01.30"]
[Round "8"]
[White "KVAIDAN"]
[Black "Manukyan_Artak"]
[Result "1-0"]
[WhiteElo "2391"]
[BlackElo "2603"]
[TimeControl "180+1"]
[EndTime "9:30:56 PST"]
[Termination "KVAIDAN won by resignation"]

1. f4 e5 2. d3 d6 3. Nf3 f5 4.
fxe5 dxe5 5. Nxe5 Bd6 6. Nf3 Nf6 7. Bg5 h6 8. Bh4 g5 9. Bf2 Ng4 10. Bd4 O-O 11. Nc3 Nc6 12. Bg1 f4 13. Qd2 Ne7 14. O-O-O Nf5 15. Ne4 Be6 16. a3 Bd5 17. Nxd6 Qxd6 18.
h4 Nge3 19. Bxe3 Nxe3 20. hxg5 hxg5 21. Nxg5 Nxd1 22. Qxd1 Qe5 23. Nf3 Bxf3 24. gxf3 Kf7 25. d4 Qe3+ 26. Kb1 Rh8 27. Bh3 Rag8 28. d5 Ke7 29.
Ka2 Kd6 30. Bf5 Qe5 31. Be4 a5 32. Qe1 Rxh1 33. Qxh1 Rh8 34. Qe1 b6 35. Qg1 Qf6 36. e3 fxe3 37. Qxe3 Re8 38. Qg1 Re5 39. Qg3 Kd7 40.
c4 Re7 41. Qg4+ Kd6 42. Qc8 Kc5 43. Qb7 Kd4 44. Qa6 Ke3 45. Qb5 Qd4 46. Qb3+ Kf4 47. Qc2 Ke5 48. Qh2+ Kf6 49. Qh8+ Rg7 50. Qh6+ Ke7 51.
Qh4+ Kd6 52. Qf4+ Qe5 53. Qf8+ Qe7 54. Qf4+ Qe5 55. Qh6+ Kc5 56. Qc6+ Kd4 57. c5 Ke3 58. cxb6 cxb6 59. Qxb6+ Kf4 60. Qxa5 Rc7 61. Qb4 Qe7 62. d6 Qe6+ 63. Bd5+ 1-0

[Event "Early-Titled-Tuesday-Blitz-January-30-2024"]
[Site "Chess.com"]
[Date "2024.01.30"]
[Round "8"]
[White "HelvertHernandez"]
[Black "BeardedNM"]
[Result "1-0"]
[WhiteElo "1899"]
[BlackElo "2181"]
[TimeControl "180+1"]
[EndTime "9:30:57 PST"]
[Termination "HelvertHernandez won on time"]

1. e4 e6 2. d4 d5 3. exd5 exd5 4. Nf3 Bd6 5. Bd3 Nc6 6. O-O Bg4 7. c3 Nge7 8. Re1 Qd7 9. Nbd2 f6 10. Nf1 O-O-O 11.
b4 Rde8 12. a4 g5 13. a5 h5 14. b5 Nd8 15. b6 a6 16. bxc7 Bxc7 17. Ba3 Nf5 18.
Qc2 Nd6 19. c4 Bxf3 20. gxf3 dxc4 21. Bxc4 Nxc4 22. Qxc4 Kb8 23. Rab1 Qc6 24. Rec1 Qxc4 25. Rxc4 Ne6 26. Rcb4 Nd8 27. R4b3 Ka8 28. Bb4 Nc6 29. Bc3 Bxa5 30. Ba1 Re7 31. d5 Ne5 32. d6 Rd7 33. Rd1 Rhd8 34. Bxe5 fxe5 35. Rbd3 Bb4 36. Ne3 Rxd6 37.
Rxd6 Rxd6 38. Rxd6 Bxd6 39. Nc4 Bc7 40. Kf1 b5 41. Nb2 Kb7 42. Ke2 Kc6 43. Kd3 Kd5 44.
Nd1 Ba5 45. Ne3+ Ke6 46. Ke4 Bb6 47. Nd5 Bc5 48. Nc7+ Kd7 49. Nxa6 Kc6 50. Kxe5 Bxf2 51. f4 gxf4 52. Kxf4 Kb6 53. Nb4 Kc5 54. Nd3+ Kc4 55. Nxf2 b4 56. Nd1 b3 57. Ke3 Kd5 58. Kd3 Ke5 59. Ke3 Kf5 60. Kf3 Ke5 61. Nb2 Kd4 62.
Kg3 Kc3 63. Na4+ Kb4 64. Nb2 Kc3 65. Nd1+ Kd2 66. Nb2 Kc2 67. Na4 1-0

[Event "Early-Titled-Tuesday-Blitz-January-30-2024"]
[Site "Chess.com"]
[Date "2024.01.30"]
[Round "8"]
[White "Pliukha_Mikhail"]
[Black "Caroexpert"]
[Result "0-1"]
[WhiteElo "2742"]
[BlackElo "2584"]
[TimeControl "180+1"]
[EndTime "9:30:59 PST"]
[Termination "Caroexpert won by checkmate"]

1. e4 c6 2. d4 d5 3. Nc3 dxe4 4.
Nxe4 Bf5 5. Ng3 Bg6 6. h4 h6 7. Nf3 e6 8. Ne5 Bh7 9. Bc4 Nf6 10. Qe2 Nd5 11. c3 Nd7 12. h5 Bd6 13. Nxd7 Qxd7 14. Qg4 O-O-O 15. O-O f5 16. Qf3 g5 17. hxg6 Bxg6 18. Bxd5 h5 19. Bf4 exd5 20. Bxd6 Qxd6 21. Ne2 Bf7 22. Nf4 Rdg8 23. Nd3 Rg4 24. Ne5 Be6 25.
Rfe1 Re4 26. Rxe4 fxe4 27. Qf6 Rg8 28. Re1 Rxg2+ 29. Kf1 Rg8 30. Qh4 Bg4 31. Re3 Qh6 32.
Qe7 Qf4 33. Rg3 Rf8 34. Nxg4 hxg4 35. Qe6+ Kb8 36. Qe5+ Qxe5 37. dxe5 Rf4 38. Ke2 Kc7 39. Ke3 Rf3+ 40. Rxf3 gxf3 41. c4 Kd7 42. b4 Ke6 43. c5 Kxe5 44. a4 d4+ 45. Kd2 Kf4 46. b5 e3+ 47. Ke1 d3 48. a5 d2+ 49. Kd1 exf2 50.
a6 f1=Q+ 51. Kxd2 Qxb5 52. axb7 Qxb7 53. Kc3 Qb5 54. Kd4 f2 55. Kc3 f1=Q 56. Kd4 Qfc4# 0-1

[Event "Early-Titled-Tuesday-Blitz-January-30-2024"]
[Site "Chess.com"]
[Date "2024.01.30"]
[Round "8"]
[White "crazy_but_lazy"]
[Black "vlad10898"]
[Result "0-1"]
[WhiteElo "2590"]
[BlackElo "2809"]
[TimeControl "180+1"]
[EndTime "9:31:01 PST"]
[Termination "vlad10898 won by resignation"]

1. c4 e6 2. d4 d5 3. Nf3 Nf6 4. g3 dxc4 5. Bg2 Nc6 6. O-O Rb8 7. a4 b6 8. Bg5 Be7 9. e3 O-O 10. Qe2 Ba6 11. Nbd2 Nd5 12. Bxe7 Qxe7 13. Rfc1 c3 14. Qxa6 cxb2 15. Rab1 bxc1=Q+ 16. Rxc1 Ndb4 17. Qc4 Rfc8 18. Nb3 Qd6 19. Ng5 h6 20. Ne4 Qe7 21. Nc3 Na5 22. Nxa5 bxa5 23. Ne4 Rb6 24. Nc5 c6 25. h4 Rcb8 26.
e4 Qd8 27. Bf1 Qd6 28. Be2 e5 29. dxe5 Qxe5 30. Nd7 Qe6 31. Qxe6 fxe6 32. Nxb8 Rxb8 33. f4 Kf7 34. Kf2 Ke7 35. Ke3 Rd8 36. h5 Rd7 37. Rc5 Rd6 38. Rxa5 Nc2+ 39. Kf2 Rd2 40. Rxa7+ Kd6 41.
e5+ Kc5 42. Kf1 Ne3+ 43. Ke1 Ra2 44. Rxg7 Nc2+ 45. Kf2 Nd4 46. g4 Rxe2+ 47. Kg3 Re3+ 48. Kg2 Rf3 49. Rg6 Rxf4 50. a5 Kb5 51. Rxh6 Rxg4+ 52. Kf2 Kxa5 53. Rh8 Rh4 54. Ke3 Nf5+ 55. Kd3 Kb5 56.
Re8 Rxh5 57. Rxe6 Kc5 58. Rh6 Rxh6 0-1

[Event "Early-Titled-Tuesday-Blitz-January-30-2024"]
[Site "Chess.com"]
[Date "2024.01.30"]
[Round "8"]
[White "Kostukov_Alex"]
[Black "Jojo_898"]
[Result "0-1"]
[WhiteElo "2302"]
[BlackElo "2447"]
[TimeControl "180+1"]
[EndTime "9:31:01 PST"]
[Termination "Jojo_898 won by checkmate"]

1. g3 Nf6 2. Bg2 g6 3. c4 Bg7 4. Nf3 O-O 5. O-O c6 6. d4 d5 7. cxd5 cxd5 8. Nc3 Nc6 9. Bf4 Bg4 10. Ne5 Bf5 11. Nxc6 bxc6 12. Rc1 Qd7 13. Na4 Bh3 14. Nc5 Qg4 15. e3 Qc8 16. Qa4 Nh5 17. Na6 Nxf4 18. exf4 Bxg2 19. Kxg2 Qf5 20. Rfd1 Qe4+ 21. Kg1 Rfc8 22.
Rxc6 Qe2 23. Rdc1 Rxc6 24. Qxc6 Rf8 25. Qc2 Qxa6 26. Qc5 Qxa2 27. Rc2 e6 28. h4 Qa4 29. Rd2 h5 30. Kg2 Qa1 31. f5 Qe1 32. Rc2 Qe4+ 33.
Kh2 Bxd4 34. Qc6 Qxf5 35. b4 Bxf2 36. b5 Qf3 37. Qc7 Bb6 38. Qe5 Qd1 39. Rg2 Qd3 40. Qg5 Qxb5 41. g4 Bc7+ 42. Kg1 Qb1+ 43. Kf2 Qc2+ 44. Kf3 Qd3+ 45. Kf2 Bb6+ 46. Ke1 Qe4+ 47. Re2 Qh1+ 48. Kd2 Ba5+ 49. Kc2 hxg4 50. Qxg4 Rc8+ 51. Kd3 Qd1+ 52. Ke3 Rc3+ 53. Kf2 Bb6+ 54. Kg2 Qg1# 0-1

[Event "Early-Titled-Tuesday-Blitz-January-30-2024"]
[Site "Chess.com"]
[Date "2024.01.30"]
[Round "8"]
[White "chucksterf10"]
[Black "ilqar_74"]
[Result "1/2-1/2"]
[WhiteElo "2625"]
[BlackElo "2837"]
[TimeControl "180+1"]
[EndTime "9:31:02 PST"]
[Termination "Game drawn - insufficient material"]

1. Nf3 Nf6 2. g3 e6 3. c4 d5 4. Bg2 Be7 5. O-O O-O 6. d4 dxc4 7. Ne5 Nbd7 8. Nxc4 Nb6 9. Ne5 c6 10. Nc3 Bd7 11.
Bf4 Nfd5 12. Bd2 Bf6 13. Ne4 Be7 14. Nc5 Bc8 15. e4 Nf6 16. Bc3 Nbd7 17. Ncxd7 Nxd7 18. Qb3 Nxe5 19. dxe5 Qc7 20. f4 Qb6+ 21. Kh1 Qxb3 22. axb3 Bd7 23. f5 Rfd8 24. Rfd1 Bc5 25. Ba5 b6 26. Bc3 a5 27. Bh3 g6 28. Bd4 Bxd4 29.
Rxd4 Be8 30. Rd6 exf5 31. exf5 gxf5 32. Rad1 Rxd6 33. Rxd6 Kg7 34. Bxf5 b5 35. Be4 Rc8 36. h4 c5 37. h5 h6 38. g4 c4 39. g5 hxg5 40. h6+ Kh8 41. bxc4 bxc4 42. Kh2 a4 43. Kg3 a3 44. bxa3 Ba4 45. Ra6 Bd1 46. Bf5 Re8 47. Rc6 Be2 48. a4 Bd3 49. Kg4 Rg8 50. Rc7 Bxf5+ 51. Kxf5 g4 52. Rxc4 g3 53. Rc1 Rg6 54. Rg1 Kh7 55. Kf4 Ra6 56. Ra1 g2 57. Kf3 Rxa4 58.
Rg1 Ra5 59. Rxg2 Rxe5 60. Kf4 Re6 61. Rg7+ Kxh6 62. Rxf7 Re1 63. Kf5 Rf1+ 64. Ke6 Re1+ 65. Kf6 Rf1+ 66. Ke6 Rxf7 67. Kxf7 1/2-1/2